Map: [ESL] Moondance

Players

herO

  • Race: Protoss Protoss
  • Spawn Location: 6:00

Maru - Winner!

  • Race: Terran Terran
  • Spawn Location: 12:00

Event: DreamHack SC2 Masters 2022 Valencia

VOD

https://youtu.be/1I-IfpPrAos

Description

Time

  • Played on: July 1, 2022, 2:18 p.m.
  • Length: 19:42

All games in this series

Show
View Real Time Build Order
Export as new Build Order

herO Protoss 

Build Orders: 1 Gate Expand, Phoenix Opening, Mass Phoenix 

Get SALT Encoding   

  12  0:00  Probe  
  13  0:12  Probe  
  14  0:18  Pylon  
  14  0:24  Probe (Chrono Boost)  
  15  0:36  Probe (Chrono Boost)  
  15  0:37  Gateway  
  16  0:45  Probe (Chrono Boost)  
  16  0:46  Assimilator  
  17  0:50  Probe  
  18  1:03  Probe  
  19  1:15  Probe  
  20  1:27  Cybernetics Core  
  20  1:35  Nexus  
  20  1:41  Pylon  
  20  1:44  Probe  
  21  1:50  Assimilator  
  21  1:56  Probe  
  22  2:03  Adept (Chrono Boost)  
  23  2:08  Probe  
  24  2:16  Stargate  
  24  2:21  Probe  
  25  2:25  Adept  
  25  2:29  Warp Gate  
  27  2:33  Probe  
  28  2:47  Probe (Chrono Boost)  
  28  2:50  Probe (Chrono Boost)  
  30  2:55  Adept  
  30  2:56  Probe (Chrono Boost)  
  30  2:58  Phoenix (Chrono Boost)  
  34  2:59  Probe (Chrono Boost)  
  34  3:04  Probe  
  37  3:09  Probe  
  38  3:14  Phoenix (Chrono Boost)  
  38  3:19  Probe  
  41  3:21  Probe  
  41  3:22  Pylon  
  42  3:32  Phoenix (Chrono Boost)  
  42  3:33  Probe x2  
  46  3:45  Probe x2  
  48  3:53  Nexus  
  48  3:58  Phoenix (Chrono Boost)  
  50  4:03  Pylon  
  50  4:05  Probe  
  50  4:06  Probe  
  52  4:10  Shield Battery  
  52  4:16  Phoenix (Chrono Boost)  
  54  4:19  Assimilator  
  54  4:21  Probe x2  
  56  4:27  Assimilator  
  56  4:29  Pylon  
  56  4:33  Probe x2  
  58  4:38  Phoenix  
  60  4:46  Probe x2  
  60  4:52  Robotics Facility  
  62  4:57  Forge  
  62  5:00  Probe x2  
  62  5:02  Assimilator  
  64  5:08  Gateway  
  64  5:10  Gateway  
  64  5:11  Sentry  
  64  5:12  Probe (Chrono Boost)  
  67  5:15  Probe x2 (Chrono Boost)  
  70  5:22  Probe (Chrono Boost)  
  70  5:23  Probe x2 (Chrono Boost), Phoenix  
  70  5:27  Probe  
  74  5:29  Probe x2  
  74  5:35  Protoss Ground Weapons Level 1 (Chrono Boost)  
  77  5:38  Pylon  
  77  5:42  Observer (Chrono Boost)  
  81  5:44  Robotics Bay  
  76  5:50  Probe x3  
  76  5:52  Pylon, Phoenix  
  79  6:00  Immortal (Chrono Boost)  
  83  6:05  Probe  
  83  6:09  Photon Cannon  
  84  6:13  Shield Battery  
  84  6:17  Phoenix  
  80  6:27  Robotics Bay  
  80  6:32  Colossus (Chrono Boost)  
  80  6:36  Photon Cannon  
  84  6:41  Photon Cannon  
  84  6:42  Phoenix (Chrono Boost)  
  84  6:46  Extended Thermal Lance, Shield Battery x2, Photon Cannon  
  86  6:47  Pylon  
  86  6:53  Sentry  
  86  6:54  Zealot x2  
  92  6:57  Probe  
  92  6:58  Probe x2  
  92  7:01  Phoenix (Chrono Boost)  
  95  7:03  Pylon  
  95  7:15  Colossus (Chrono Boost)  
  93  7:20  Gateway  
  93  7:21  Sentry  
  93  7:22  Zealot x2, Phoenix  
  107  7:29  Twilight Council, Forge  
  107  7:41  Probe  
  107  7:44  Gateway x2  
  108  7:46  Sentry, Zealot x2  
  113  8:00  Photon Cannon  
  113  8:04  Pylon  
  113  8:14  Stalker x2  
  113  8:17  Nexus  
  113  8:18  Colossus (Chrono Boost)  
  113  8:19  Pylon  
  115  8:21  Protoss Ground Weapons Level 2 (Chrono Boost)  
  115  8:22  Photon Cannon  
  115  8:24  Protoss Ground Armor Level 1 (Chrono Boost)  
  115  8:26  Photon Cannon  
  121  8:27  Shield Battery  
  121  8:29  Charge (Chrono Boost)  
  121  8:39  Probe x3  
  124  8:49  Zealot x3  
  124  8:54  Probe  
  124  8:55  Probe x2  
  133  8:59  Pylon  
  133  9:05  Templar Archives  
  133  9:06  Pylon  
  132  9:13  Assimilator  
  132  9:14  Assimilator, Probe  
  133  9:18  Gateway  
  133  9:19  Gateway  
  133  9:21  Pylon  
  133  9:24  Probe x2, Disruptor (Chrono Boost)  
  138  9:32  Probe x2  
  138  9:36  Probe  
  141  9:39  Pylon  
  141  9:42  High Templar x3, Gateway  
  141  9:43  High Templar  
  141  9:44  Zealot, Gateway  
  151  9:45  Gateway  
  151  9:47  Archon  
  151  9:48  Archon  
  151  9:56  Gateway  
  151  9:57  Warp Prism (Chrono Boost)  
  151  9:59  Blink (Chrono Boost)  
  153  10:07  Photon Cannon  
  153  10:09  Phoenix x2  
  153  10:10  Shield Battery  
  153  10:16  Stalker x6  
  165  10:22  Stalker  
  165  10:26  Protoss Ground Armor Level 2 (Chrono Boost), Observer, Pylon  
  168  10:29  Pylon  
  168  10:31  Pylon  
  168  10:45  Robotics Facility  
  168  10:47  Disruptor  
  168  10:49  Zealot  
  173  10:50  Zealot x5  
  179  11:00  Protoss Ground Weapons Level 3 (Chrono Boost)  
  179  11:01  Nexus  
  179  11:03  Pylon  
  173  11:09  Probe x2  
  173  11:10  Probe x2  
  177  11:12  Photon Cannon  
  177  11:13  Shield Battery  
  177  11:20  Fleet Beacon, Stargate  
  177  11:24  Cybernetics Core  
  177  11:25  Observer  
  178  11:32  Stargate  
  178  11:37  Disruptor  
  169  11:44  Photon Cannon  
  169  11:45  Photon Cannon  
  169  11:47  Photon Cannon  
  169  11:50  Shield Battery  
  169  11:54  Psionic Storm  
  169  12:04  Tempest (Chrono Boost)  
  169  12:08  Oracle (Chrono Boost)  
  167  12:25  Photon Cannon  
  167  12:27  Assimilator  
  167  12:29  Assimilator  
  167  12:30  Protoss Air Weapons Level 1 (Chrono Boost), Protoss Air Armor Level 1 (Chrono Boost)  
  167  12:31  Stargate  
  167  12:32  Stargate  
  165  12:46  Gravitic Boosters  
  165  12:56  High Templar x2  
  165  12:57  Zealot x10  
  186  13:00  Protoss Ground Armor Level 3 (Chrono Boost)  
  186  13:15  Photon Cannon  
  186  13:19  Zealot x7, Photon Cannon  
  200  13:26  Pylon  
  200  13:33  Oracle  
  200  13:43  Gravitic Drive  
  200  13:47  Nexus  
  188  13:50  Pylon  
  188  13:51  Photon Cannon  
  188  13:53  Shield Battery, Nexus  
  182  13:57  Tempest  
  182  13:58  Tempest x2  
  197  14:08  Observer x2  
  183  14:18  Tempest (Chrono Boost)  
  183  14:24  Pylon  
  176  14:40  Protoss Air Weapons Level 2 (Chrono Boost), Protoss Air Armor Level 2 (Chrono Boost)  
  174  14:46  Photon Cannon  
  174  14:48  Photon Cannon x2  
  174  14:50  Photon Cannon x2, High Templar x2  
  174  14:51  High Templar x2  
  174  14:52  Shield Battery x2  
  182  14:53  Shield Battery  
  182  14:54  Shield Battery  
  182  14:57  Pylon  
  182  14:59  Oracle (Chrono Boost)  
  182  15:28  Assimilator  
  182  15:32  Tempest x2, Assimilator  
  182  15:33  Tempest  
  197  15:40  Photon Cannon  
  198  15:47  Zealot x2  
  189  16:06  Tempest  
  189  16:07  Pylon  
  189  16:10  Zealot x3  
  200  16:14  Stalker  
  195  16:23  Stalker  
  195  16:24  Stalker x2  
  198  16:36  Pylon  
  196  16:44  Stalker x2  
  197  16:47  Pylon  
  179  17:04  Warp Prism (Chrono Boost)  
  179  17:05  Stalker x3  
  179  17:06  Zealot x5, Stalker  
  195  17:09  Zealot x2  
  195  17:13  Archon x3  
  193  17:22  Observer  
  182  17:31  Stalker x3  
  182  17:32  Zealot x3, Stalker x3  
  196  17:37  Observer (Chrono Boost)  
  190  17:45  Disruptor (Chrono Boost)  
  190  17:49  Zealot x3  
  189  18:21  Zealot x12  
  189  18:22  Disruptor x2, Carrier (Chrono Boost)  
  165  18:31  Void Ray (Chrono Boost)  
  130  18:34  Probe  
  130  18:35  Probe x4  
  111  18:43  Observer, Carrier (Chrono Boost)  
  111  18:45  Observer, Carrier (Chrono Boost)  
  111  18:46  Probe  
  111  18:47  Probe x4  
  123  18:54  High Templar x4  
  123  18:55  Sentry, Zealot, High Templar x2  
  130  18:56  Zealot x4  
  130  18:57  Disruptor x2 (Chrono Boost)  
  130  18:59  Probe x4, Archon x2  
  150  19:10  Pylon  
  150  19:11  Nexus  
  150  19:20  Stalker x5  
  160  19:31  Zealot x4  
Show
View Real Time Build Order
Export as new Build Order

Maru Terran - Winner!

Build Orders:  

Get SALT Encoding   

  12  0:00  SCV  
  13  0:12  SCV  
  14  0:17  Supply Depot  
  14  0:24  SCV  
  15  0:38  SCV  
  15  0:39  Barracks  
  16  0:43  Refinery  
  16  0:50  SCV  
  16  0:54  Refinery  
  17  1:02  SCV  
  18  1:14  SCV  
  19  1:27  Supply Depot, Reaper  
  19  1:28  Orbital Command  
  20  1:44  Factory  
  20  1:54  SCV  
  20  2:00  Barracks Reactor  
  21  2:06  SCV  
  22  2:18  SCV  
  23  2:24  Command Center  
  23  2:30  SCV  
  23  2:35  Starport  
  24  2:39  Widow Mine  
  24  2:43  SCV  
  27  2:46  Supply Depot  
  27  2:52  Marine x2  
  27  2:55  SCV  
  30  3:08  Widow Mine  
  30  3:12  SCV  
  32  3:13  Viking  
  32  3:15  Marine x2  
  36  3:24  SCV  
  37  3:31  Widow Mine  
  39  3:36  SCV, Marine x2  
  39  3:41  Barracks  
  42  3:48  Starport Tech Lab  
  42  3:50  SCV  
  42  3:54  Marine x2  
  42  3:55  Orbital Command  
  45  3:58  Factory Tech Lab  
  45  4:05  SCV  
  45  4:09  Raven  
  46  4:12  Marine  
  46  4:13  Supply Depot  
  49  4:17  SCV  
  49  4:20  Barracks  
  49  4:22  SCV  
  51  4:26  Marine  
  51  4:29  Marine  
  52  4:31  Bunker  
  52  4:33  SCV  
  52  4:38  SCV  
  54  4:43  Engineering Bay  
  54  4:45  SCV  
  54  4:46  Stimpack  
  54  4:50  SCV  
  54  4:51  Marine x2  
  54  4:52  Marine  
  58  4:56  Supply Depot  
  58  4:57  SCV  
  60  5:02  SCV  
  61  5:09  Terran Infantry Weapons Level 1  
  61  5:10  SCV, Factory Reactor  
  61  5:11  Starport Reactor  
  61  5:14  Supply Depot  
  62  5:15  Supply Depot  
  62  5:17  Combat Shield  
  62  5:18  SCV  
  63  5:21  Marine x2  
  63  5:23  Marine  
  63  5:24  Marine  
  67  5:29  Refinery  
  67  5:31  SCV  
  68  5:37  Supply Depot  
  68  5:39  Marine x2  
  68  5:42  Marauder x2  
  74  5:43  SCV  
  74  5:52  Medivac, Widow Mine x2  
  74  5:53  Medivac  
  82  5:57  Marine  
  82  6:00  SCV x2  
  82  6:01  Supply Depot  
  85  6:04  Supply Depot, Marauder  
  85  6:06  Marauder  
  89  6:14  Widow Mine x2  
  89  6:16  SCV  
  94  6:19  SCV  
  91  6:27  Marine x2, Marauder x2  
  91  6:30  SCV  
  91  6:31  SCV  
  98  6:34  Missile Turret  
  97  6:46  Supply Depot  
  97  6:50  Command Center  
  97  6:52  Concussive Shells  
  97  6:54  SCV x2  
  99  7:02  Marine  
  99  7:03  Marauder x2  
  99  7:05  Refinery  
  99  7:06  SCV x2  
  97  7:15  Marine  
  97  7:18  SCV x2  
  97  7:20  Marine  
  97  7:21  Terran Infantry Armor Level 1  
  101  7:24  Marauder x2  
  105  7:30  SCV  
  105  7:33  Barracks, SCV  
  105  7:34  Barracks  
  107  7:43  SCV  
  108  7:45  SCV  
  108  7:46  Medivac x2  
  111  7:52  Missile Turret  
  111  7:55  SCV, Missile Turret  
  111  7:57  Marine, Marauder  
  111  7:58  SCV  
  116  8:01  Supply Depot  
  116  8:04  Orbital Command  
  116  8:07  SCV  
  116  8:12  SCV  
  114  8:16  Widow Mine x2  
  118  8:20  Viking x2  
  118  8:26  Supply Depot  
  122  8:27  Barracks Tech Lab, Barracks Reactor, Refinery  
  122  8:32  Ghost Academy  
  122  8:33  SCV x2  
  124  8:39  SCV  
  125  8:44  Marine x2, Engineering Bay  
  125  8:45  Armory, Marauder x2  
  131  8:57  Command Center  
  131  8:58  Supply Depot  
  131  9:01  Supply Depot  
  131  9:05  Ghost x2  
  131  9:07  Ghost  
  137  9:11  Enhanced Shockwaves  
  137  9:16  Viking  
  137  9:17  Viking  
  141  9:26  Marine x4  
  144  9:34  Starport  
  144  9:39  Terran Infantry Weapons Level 2  
  144  9:40  Terran Infantry Armor Level 2  
  144  9:42  Marine x2  
  144  9:43  Missile Turret  
  146  9:49  SCV  
  146  9:53  Viking x2  
  146  9:59  SCV  
  149  10:00  SCV  
  149  10:02  SCV  
  149  10:04  Ghost  
  149  10:05  Marine x2, Marauder  
  149  10:06  Marine x2, Marauder  
  161  10:11  SCV  
  161  10:13  Missile Turret  
  162  10:15  Terran Ship Weapons Level 1  
  162  10:20  Missile Turret  
  162  10:25  SCV  
  163  10:30  Ghost x2  
  163  10:31  Marine x2  
  163  10:35  SCV x2  
  172  10:41  Planetary Fortress  
  171  10:44  Refinery  
  171  10:45  Refinery  
  171  10:46  Marine x2, Marauder  
  175  10:51  Starport Reactor  
  175  10:52  Supply Depot  
  175  10:54  Supply Depot  
  175  11:00  Missile Turret, Marauder  
  175  11:03  Supply Depot  
  177  11:04  Viking  
  179  11:12  Sensor Tower  
  179  11:13  Viking  
  179  11:16  Ghost  
  183  11:22  Missile Turret  
  183  11:29  Command Center  
  183  11:33  Missile Turret  
  183  11:34  Ghost x2  
  185  11:44  Ghost  
  187  11:49  Fusion Core  
  187  11:50  Medivac  
  188  12:00  Command Center  
  188  12:06  Terran Infantry Weapons Level 3  
  188  12:10  Terran Ship Weapons Level 2  
  188  12:25  Barracks  
  188  12:26  SCV x4, Barracks  
  188  12:27  Barracks  
  192  12:30  Terran Infantry Armor Level 3  
  192  12:38  SCV  
  192  12:40  Liberator x2  
  199  13:09  Planetary Fortress  
  199  13:12  Personal Cloaking  
  199  13:22  Missile Turret  
  199  13:23  Missile Turret  
  199  13:24  Sensor Tower  
  197  13:29  Viking  
  197  13:31  Barracks Tech Lab x2, Barracks Reactor, Orbital Command  
  199  13:41  Command Center  
  192  13:58  Command Center  
  192  14:01  Missile Turret  
  192  14:03  Marauder x4  
  199  14:23  Starport  
  196  14:26  Marine, Viking  
  196  14:28  Terran Ship Weapons Level 3  
  199  14:32  Missile Turret  
  197  14:43  Neosteel Armor, Missile Turret  
  197  15:03  Command Center  
  197  15:04  Nuke  
  197  15:06  Starport Reactor  
  197  15:07  Hi-Sec Auto Tracking  
  191  15:22  Orbital Command  
  191  15:28  Missile Turret  
  191  15:33  Missile Turret  
  190  15:56  Ghost x2  
  190  15:57  Ghost  
  185  16:09  Marine x2  
  185  16:10  Marauder x2  
  191  16:12  Nuke  
  190  16:25  Ghost x3  
  188  16:29  Viking x2  
  188  16:30  Viking  
  188  16:32  Planetary Fortress  
  199  16:35  Medivac x2  
  189  16:55  Ghost x3  
  184  17:02  Ghost x2  
  184  17:03  Marine x3  
  184  17:04  Medivac x3  
  184  17:07  Marine x3  
  184  17:08  Orbital Command  
  191  17:12  Medivac x2  
  191  17:17  Terran Vehicle And Ship Armor Level 1  
  191  17:18  Command Center  
  186  17:23  Viking, Ghost  
  186  17:24  Marauder x2  
  190  17:31  Ghost  
  190  17:32  Marauder  
  194  17:41  Marine x2  
  194  17:43  Refinery  
  194  17:44  Command Center, Refinery  
  194  17:45  Ghost  
  194  17:46  Nuke, Marauder  
  194  17:48  Marine x2  
  200  17:57  Marine x2  
  200  17:58  Marauder  
  194  18:06  Marine x3  
  194  18:07  Marauder x2  
  194  18:09  Marine  
  184  18:23  Marine x2, Ghost x3  
  184  18:24  Marine  
  184  18:26  Marine x2  
  155  18:27  Marine, Viking, Ghost  
  155  18:28  Marauder  
  155  18:33  Viking x2  
  140  18:41  Marine x2  
  140  18:42  Marine, Medivac  
  140  18:44  Marine x2  
  140  18:45  Marine  
  146  18:49  Planetary Fortress  
  146  18:50  Marauder  
  146  18:52  Marauder x3  
  154  18:57  Marauder  
  154  18:59  Marine x3  
  154  19:02  Marine x2, Orbital Command  
  161  19:03  Marine  
  161  19:06  Command Center  
  161  19:07  SCV x4  
  161  19:08  SCV x3  
  169  19:11  Marauder  
  169  19:13  Marine, Marauder x2  
  169  19:17  Marine x3  
  176  19:18  Marauder  
  176  19:19  SCV, Marine x2  
  176  19:20  SCV  
  176  19:21  Marine  

Tags
 
Add a new tag
Caveats
  • Supply blocks, unpowered buildings, or Contaminate may cause inaccurate times.
  • Supply counts are checked every 10 seconds.